 Dungeon Crawl Stone Soup version 0.31.0-1-g2c135a0 (webtiles) character file.

Game seed: 2404578244525231375

65 francois the Cudgeller (level 3, 0/33 HPs)
             Began as a Minotaur Fighter on Feb 9, 2024.
             Slain by an orc wizard
             ... wielding a +0 dagger
              (3 damage)
             ... on level 3 of the Dungeon.
             The game lasted 00:07:36 (1365 turns).

francois the Cudgeller (Minotaur Fighter)           Turns: 1365, Time: 00:07:37

Health: 0/33       AC:  8    Str: 22    XL:     3   Next: 94%
Magic:  2/2        EV:  9    Int:  5    God:
Gold:   100        SH:  4    Dex:  9    Spells: 2/2 levels left

rFire   . . .        a - +0 flail
rCold   . . .        c - +0 buckler
rNeg    . . .        b - +1 scale mail
rPois   .            (helmet restricted)
rElec   .            (no cloak)
rCorr   .            (no gloves)
SInv    .            (no boots)
Will    .....        (no amulet) Stlth
                     (no ring)
HPRegen 0.25/turn    (no ring)
MPRegen 0.08/turn

%: no passive effects
@: no status effects
A: horns 2, retaliatory headbutt, subdued magic 1, MP-powered wands
a: no special abilities


You were on level 3 of the Dungeon.
You visited 1 branch of the dungeon, and saw 3 of its levels.

You collected 100 gold pieces.

Inventory:

Hand Weapons
 a - a +0 flail (weapon)
Armour
 b - a +1 scale mail (worn)
 c - a +0 buckler (worn)
 f - an orb of wrath
Scrolls
 h - 3 scrolls of enchant armour
Potions
 d - a potion of might
 g - a potion of mutation


   Skills:
 + Level 3.8 Fighting
 * Level 4.4 Maces & Flails
 + Level 4.0 Armour
 + Level 4.0 Shields


You had 2 spell levels left.
You didn't know any spells.
Your spell library contained the following spells:

 Spells                   Type           Power      Damage    Failure   Level
 Magic Dart               Conj           0%         1d3       83%         1
 Blink                    Tloc           0%         N/A       92%         2
 Call Imp                 Summ           0%         N/A       92%         2


Dungeon Overview and Level Annotations

Branches:
Dungeon (3/15)

Altars:

Shops:
D:1 *


Innate Abilities, Weirdness & Mutations

You have a pair of horns on your head.
You reflexively headbutt those who attack you in melee.
Your spells are a little easier to cast, but a little less powerful.
You expend magic power (3 MP) to strengthen your wands.


Message History

You now have 100 gold pieces (gained 4).
An orc comes into view. It is wielding a +1 trident of venom.
The orc shouts!
An orc is nearby!
An orc wizard and an orc come into view.
The orc wizard shouts!
The orc shouts!
The orc wizard casts a spell at you. The puff of flame hits you!
The orc moves out of view.
The orc wizard mumbles some strange words.
The orc wizard flickers and vanishes!
Deactivating autopickup; reactivate with Ctrl-A.
The orc hits you from afar with a +1 trident of venom.
You are poisoned.
You feel sick. You block the orc's attack.
You hit the orc. You headbutt the orc.
You kill the orc!
You feel sick. You block the orc's attack. The orc barely misses you.
You furiously retaliate!
You headbutt the orc. You sock the orc!
You kill the orc!
You feel sick.
You hear some strange, mumbled words.
A magic dart appears from out of thin air!
The magic dart hits you!
* * * LOW HITPOINT WARNING * * *
Okay, then.
Okay, then.
You barely miss something. Your headbutt misses something.
You feel sick. Something hits you but does no damage.
You miss something.
You feel sick. Something hits you but does no damage.
You thump something!
You feel sick. Something hits you but does no damage.
You barely miss something. Your headbutt misses something.
You feel sick.
You are no longer poisoned.
Something hits you.
* * * LOW HITPOINT WARNING * * *
You hit something.
Something hits you but does no damage. x2
You miss something. Your headbutt misses something.
Something hits you but does no damage.
You barely miss something. Something hits you.
You die...

.#8#.^8#....(.......
.#^#.#.###.......... ..
.#.....#............ ...
.# #....###.<..#..###...
.###....................
..._..................
.###................ .
.# #....###.##.##{##....
.#.....###......@)......
.#.#.#.# #..##.##.#.....
.#8#..8###..##.##.# ...
.#######........... .
.#..#.####..#####.#.
.#..#.####..#####.#..
.#..#.............# ..
......##........... ...
..................


There were no monsters in sight!

Vanquished Creatures
  2 adders
  2 dart slugs
  2 orcs (D:3)
  3 bats
  4 endoplasms
  3 giant cockroaches (D:1)
  3 goblins (D:1)
  4 hobgoblins
  2 quokkas
  3 ball pythons
  A frilled lizard (D:2)
  3 kobolds (D:1)
  6 rats
38 creatures vanquished.

Notes
Turn   | Place    | Note
-------+----------+-------------------------------------------
     0 | D:1      | francois the Minotaur Fighter began the quest for the Orb.
     0 | D:1      | Reached XP level 1. HP: 19/19 MP: 0/0
   241 | D:1      | Reached XP level 2. HP: 27/27 MP: 1/1
   302 | D:1      | Found Moidilo's Assorted Antiques.
   718 | D:2      | Reached XP level 3. HP: 28/33 MP: 2/2
  1220 | D:2      | Gained mutation: Your spells are a little easier to cast,
                  | but a little less powerful. [potion of mutation]
  1220 | D:2      | Gained mutation: You expend magic power (3 MP) to
                  | strengthen your wands. [potion of mutation]
  1239 | D:3      | Found a faded altar of an unknown god.
  1365 | D:3      | Slain by an orc wizard

Illustrated notes

Levels and vault maps discovered:
D:1:      minmay_arrival_stair_chambers, layout_basic, serial_shops, shop
D:2:      layout_basic, grunt_decor_one_mirror
D:3:      layout_basic, shapermc_ecumenical_altar_mp_highgroup

Skill      XL: |  1  2  3 |
---------------+----------+-----
Maces & Flails | 3 4 |  4.4
Shields        | 4 |  4.0
Armour         | 4 |  4.0
Fighting       | |  3.8

Action                     || total
---------------------------++-------
  Melee: Flail             ||    89
         Headbutt          ||    13
    Use: Scroll            ||     3
         Potion            ||     3
 Armour: Scale mail        ||    65
  Dodge: Dodged            ||    26
  Block: Buckler           ||    15
